 Dungeon Crawl Stone Soup version 0.30-a0-4-ga7cffc901d (webtiles) character file.

Game seed: 440332275420145811

374 SensoryNuts the Chopper (level 6, 0/85 HPs)
             Began as a Hill Orc Fighter on Aug 20, 2022.
             Slain by Duvessa
             ... wielding a +0 short sword
              (8 damage)
             ... on level 4 of the Dungeon.
             The game lasted 00:02:43 (3893 turns).

SensoryNuts the Chopper (Hill Orc Fighter)          Turns: 3893, Time: 00:02:43

Health: 0/85       AC:  9    Str: 21    XL:     6   Next: 72%
Magic:  6/6        EV:  9    Int:  8    God:
Gold:   121        SH:  4    Dex: 10    Spells: 5/5 levels left

rFire   . . .      SeeInvis .    a - +0 war axe
rCold   . . .      Faith    .    c - +0 buckler
rNeg    . . .      Spirit   .    b - +0 scale mail
rPois   .          Reflect  .    p - +1 hat
rElec   .          Harm     .    (no cloak)
rCorr   .          Rampage  .    e - +0 pair of gloves
Will    .....                    (no boots)
Stlth   ..........               (no amulet)
HPRegen 0.24/turn                (no ring)
MPRegen 0.10/turn                (no ring)

@: berserking, very quick
A: antennae 1, robust 1
a: no special abilities


You were on level 4 of the Dungeon.
You visited 1 branch of the dungeon, and saw 4 of its levels.

You collected 121 gold pieces.

Inventory:

Hand Weapons
 a - a +0 war axe (weapon)
Armour
 b - a +0 scale mail (worn)
 c - a +0 buckler (worn)
 e - a +0 pair of gloves (worn)
 p - a +1 hat (worn)
Jewellery
 n - a ring of ice
 o - a ring of protection from fire
Scrolls
 j - 2 scrolls of blinking
 l - a scroll of summoning
 q - a scroll of enchant weapon {unknown}
 r - 2 scrolls of teleportation {unknown}
 s - a scroll of identify
Potions
 d - 2 potions of might
 g - a potion of heal wounds
 h - 2 potions of degeneration
 i - 2 potions of invisibility
 k - a potion of resistance {unknown}
 m - 2 potions of lignification


   Skills:
 + Level 4.2 Fighting
 * Level 7.0 Axes
 + Level 4.7 Armour
 + Level 0.8 Dodging
 + Level 0.5 Stealth
 + Level 3.8 Shields


You had 5 spell levels left.
You didn't know any spells.
Your spell library contained the following spells:

 Spells                   Type           Power      Damage    Failure   Level
 Gell's Gravitas          Tloc           0%         N/A       99%         3
 Lesser Beckoning         Tloc           0%         N/A       99%         3
 Teleport Other           Tloc           0%         N/A       99%         3
 Chain Lightning          Conj/Air       0%         N/A       100%        9
 Fire Storm               Conj/Fire      0%         5d1       100%        9
 Shatter                  Erth           0%         3d5*      100%        9


Dungeon Overview and Level Annotations

Branches:
Dungeon (4/15)
 Temple: D:4-7

Altars:
Fedhas
Qazlal

Shops:
D:1 *

Annotations:
D:4 Dowan, Duvessa


Innate Abilities, Weirdness & Mutations

You have a pair of small antennae on your head.
You are robust. (+10% HP)


Message History

You are too injured to fight recklessly!
You are too injured to fight recklessly!
You are too injured to fight recklessly!
You are too injured to fight recklessly!
You are too injured to fight recklessly!
You are too injured to fight recklessly!
You are too injured to fight recklessly!
You are too injured to fight recklessly!
You are too injured to fight recklessly!
You are too injured to fight recklessly!
You are too injured to fight recklessly!
You are too injured to fight recklessly!
You are too injured to fight recklessly!
You are too injured to fight recklessly!
You are too injured to fight recklessly!
You are too injured to fight recklessly!
Unknown command.
A red film seems to cover your vision as you go berserk!
You feel yourself moving faster!
You feel mighty! Duvessa barely misses you.
Unknown command.
You slash Duvessa!
Duvessa is heavily wounded.
Duvessa hits you with a +0 short sword.
You barely miss Duvessa.
Duvessa is heavily wounded.
You block Duvessa's attack.
Dowan throws and catches a handful of magical flame, then smirks.
Duvessa hits you with a +0 short sword.
You slash Duvessa!
Duvessa is almost dead.
Duvessa hits you with a +0 short sword!
* * * LOW HITPOINT WARNING * * *
You slash Duvessa!
Duvessa is almost dead.
Duvessa hits you with a +0 short sword.
* * * LOW HITPOINT WARNING * * *
You closely miss Duvessa.
Duvessa is almost dead.
Duvessa hits you with a +0 short sword!
You die...

######.# #.# #.#
#.# #.# ###.# #.#
#.# #.# #...# #.#
#.## #.# #.###
#.# #..# #.#
##.## #.# #..#
#.###...###
#.#######..#
######.....#...#
#...........
.........##...#.#
#########..#
########.###.##@#
# ######..# #.#
#.##e#
#..<......# #.#
#.##e# ..###.....
#.# #.#...
##.#.##.##.# #.#
#.#.#.
#..........# #^#
#... ..
##...##.#### #..
## ## .... #.#
### # #.# ###.#


You could see Duvessa (berserk) and Dowan.

Vanquished Creatures
  Blork the orc (D:4)
  2 necrophages (D:4)
  2 jellies
  3 adders
  An ufetubus (D:4)
  A worm (D:4)
  3 dart slugs
  5 orcs
  9 ball pythons
  4 bats
  6 endoplasms
  4 giant cockroaches
  6 goblins
  6 hobgoblins
  6 jackals (D:1)
  6 kobolds
  2 frilled lizards (D:3)
  3 rats
70 creatures vanquished.

Vanquished Creatures (others)
  2 plants (D:4)
2 creatures vanquished.

Grand Total: 72 creatures vanquished

Notes
Turn   | Place    | Note
-------+----------+-------------------------------------------
     0 | D:1      | SensoryNuts the Hill Orc Fighter began the quest for the
                  | Orb.
     0 | D:1      | Reached XP level 1. HP: 19/19 MP: 1/1
   218 | D:1      | Reached skill level 3 in Axes
   218 | D:1      | Reached XP level 2. HP: 24/27 MP: 2/2
   484 | D:1      | Reached XP level 3. HP: 31/33 MP: 3/3
   553 | D:1      | Found Loxedaoch's Assorted Antiques.
  1695 | D:2      | Gained mutation: You have a pair of small antennae on your
                  | head. [potion of mutation]
  1695 | D:2      | Gained mutation: You are robust. (+10% HP) [potion of
                  | mutation]
  1803 | D:3      | Reached XP level 4. HP: 27/44 MP: 4/4
  1960 | D:3      | Reached skill level 4 in Axes
  2544 | D:3      | Reached XP level 5. HP: 50/50 MP: 5/5
  3073 | D:4      | Found a stormy altar of Qazlal.
  3196 | D:4      | Reached skill level 5 in Axes
  3266 | D:4      | Noticed Blork the orc
  3284 | D:4      | Killed Blork the orc
  3285 | D:4      | Reached skill level 6 in Axes
  3285 | D:4      | Reached XP level 6. HP: 27/57 MP: 6/6
  3752 | D:4      | Found a blossoming altar of Fedhas.
  3761 | D:4      | Reached skill level 7 in Axes
  3874 | D:4      | Noticed Duvessa
  3874 | D:4      | Noticed Dowan
  3893 | D:4      | Slain by Duvessa

Illustrated notes

Levels and vault maps discovered:
D:1:      tarquinn_simple_flora_water_f, layout_rooms, serial_shops, shop,
          minmay_liquid_box
D:2:      layout_basic, serial_rivers, chequers_serial_rivers_large_a,
          chequers_serial_rivers_marsh, chequers_serial_rivers_small_a,
          chequers_serial_rivers_micro_e, chequers_serial_rivers_micro_c,
          chequers_serial_rivers_small_3, minmay_split_cup_small
D:3:      layout_basic, grunt_decor_fettered, hangedman_feature_mirror
D:4:      layout_loops_ring, grunt_temple_overflow_forces_of_nature,
          uniq_duvessa, uniq_blork_the_orc

Skill      XL: |  1  2  3  4  5  6 |
---------------+-------------------+-----
Axes           | 3 4 6 7 |  7.0
Armour         | 4 |  4.7
Fighting       | 4 |  4.2
Dodging        | |  0.8
Stealth        | |  0.5
Shields        | |  3.8

Action                   |  1- 3 |  4- 6 || total
-------------------------+-------+-------++-------
Melee: War axe           |    91 |   138 ||   229
  Use: Scroll            |     7 |       ||     7
       Potion            |     4 |     2 ||     6
Armor: Scale mail        |    49 |    52 ||   101
Dodge: Dodged            |    46 |    55 ||   101
Block: Buckler           |    29 |    25 ||    54

Table legend: (Time is in decaauts)
 A = Elapsed time spent in this place.
 B = Non-inter-level travel time spent in this place.
 C = Inter-level travel time spent in this place.
 D = Time resting spent in this place.
 E = Time spent auto-exploring this place.
 F = Levels seen in this place.
 G = Mean time per level.
                   A        B        C        D        E       F      G
               +--------+--------+--------+--------+--------+-----+--------+
         Total |   3976 |   3841 |    135 |     56 |   3241 |   4 |  994.0 |
       Dungeon |   3976 |   3841 |    135 |     56 |   3241 |   4 |  994.0 |
               +--------+--------+--------+--------+--------+-----+--------+

Top non-repeatable levels by time:
     D:3: 1291 daAuts
     D:2: 1012 daAuts
     D:4: 843 daAuts
     D:1: 829 daAuts
